Map: Dusty Gorge

Players

MooEsqoo

  • Race: Protoss Protoss
  • Spawn Location: 5:00

A.I. 1 (Elite)

  • Race: Zerg Zerg
  • Spawn Location: 3:00

A.I. 2 (Elite)

  • Race: Protoss Protoss
  • Spawn Location: 9:00

A.I. 3 (Elite)

  • Race: Terran Terran
  • Spawn Location: 11:00

VOD

Have the link to the VOD?

Description

Time

  • Played on: Jan. 18, 2020, 9:42 a.m.
  • Length: 9:57
Show
View Real Time Build Order
Export as new Build Order

MooEsqoo Protoss 

Build Orders: 1 Gate Expand, Oracle Opening 

Get SALT Encoding   

  12  0:01  Probe  
  13  0:16  Pylon  
  13  0:19  Probe  
  14  0:37  Gateway  
  14  0:38  Probe (Chrono Boost)  
  15  0:46  Assimilator  
  16  0:50  Probe (Chrono Boost)  
  16  0:58  Probe (Chrono Boost)  
  17  1:04  Probe  
  18  1:16  Probe  
  19  1:29  Nexus  
  19  1:36  Probe  
  20  1:44  Cybernetics Core  
  20  1:48  Probe  
  21  1:57  Pylon  
  21  2:03  Probe, Assimilator  
  22  2:21  Stalker (Chrono Boost)  
  24  2:31  Gateway  
  24  2:35  Stargate  
  24  2:39  Probe  
  24  2:42  Probe  
  26  2:51  Probe  
  26  2:54  Probe  
  28  3:01  Shield Battery  
  28  3:03  Probe  
  29  3:06  Probe  
  29  3:07  Stalker  
  29  3:10  Warp Gate  
  32  3:19  Probe  
  34  3:22  Oracle (Chrono Boost)  
  34  3:26  Probe  
  37  3:31  Probe  
  38  3:34  Stalker  
  38  3:38  Probe  
  41  3:52  Shield Battery  
  41  3:54  Stalker  
  41  4:17  Shield Battery x2  
  41  4:20  Stalker, Oracle (Chrono Boost)  
  46  4:37  Pylon  
  46  4:40  Pylon  
  46  4:41  Pylon  
  46  4:43  Gateway  
  46  4:47  Stalker  
  46  4:55  Stalker (Chrono Boost)  
  50  5:10  Probe x2  
  52  5:15  Assimilator  
  52  5:19  Assimilator  
  52  5:20  Void Ray (Chrono Boost)  
  52  5:22  Probe x2  
  52  5:27  Stalker  
  54  5:50  Stalker  
  54  5:51  Stalker x2  
  58  6:14  Stalker x2  
  58  6:15  Stalker  
  64  6:23  Gateway  
  64  6:25  Gateway  
  64  6:26  Gateway  
  64  6:28  Gateway  
  64  6:30  Gateway  
  64  6:51  Void Ray  
  68  6:59  Zealot  
  70  7:07  Pylon  
  70  7:09  Pylon  
  70  7:11  Pylon  
  70  7:12  Pylon  
  70  7:14  Pylon  
  70  7:16  Pylon  
  70  7:18  Forge  
  70  7:21  Twilight Council  
  70  7:28  Robotics Facility  
  70  7:30  Stalker x2  
  74  7:41  Probe x2  
  76  7:53  Probe  
  76  7:54  Probe  
  78  8:00  Void Ray  
  82  8:08  Nexus  
  82  8:09  Probe  
  82  8:10  Probe  
  84  8:22  Probe x2  
  84  8:23  Immortal  
  90  8:43  Assimilator  
  90  8:48  Assimilator  
  90  8:51  Pylon  
  75  9:38  Stalker x7  
  70  9:39  Stalker  
Show
View Real Time Build Order
Export as new Build Order

A.I. 1 (Elite) Zerg 

Build Orders: Pool First 

Get SALT Encoding   

  12  0:00  Drone  
  13  0:12  Overlord  
  13  0:17  Drone  
  14  0:30  Drone  
  14  0:31  Drone  
  16  0:45  Spawning Pool  
  16  0:46  Drone  
  16  0:50  Drone  
  17  1:16  Drone, Hatchery  
  17  1:19  Extractor  
  17  1:21  Drone  
  17  1:26  Drone  
  17  1:30  Drone  
  19  1:38  Overlord  
  19  1:49  Drone  
  19  1:54  Queen  
  20  2:00  Zergling x2  
  23  2:11  Drone  
  24  2:21  Drone  
  25  2:29  Queen  
  25  2:33  Roach Warren  
  25  2:35  Extractor  
  25  2:39  Drone  
  25  2:44  Drone  
  27  2:50  Overlord  
  27  2:54  Drone  
  27  2:57  Zergling x2  
  29  3:01  Zergling x2  
  30  3:05  Drone  
  30  3:08  Drone  
  30  3:11  Drone  
  33  3:15  Drone  
  34  3:20  Roach  
  34  3:25  Roach  
  38  3:29  Roach  
  38  3:31  Zergling x2  
  38  3:34  Zergling x2  
  40  3:39  Overlord  
  40  3:42  Zergling x2  
  40  3:44  Zergling x2  
  40  3:47  Zergling x2  
  38  3:50  Zergling x2  
  36  3:56  Roach  
  36  3:59  Zergling x2  
  36  4:02  Zergling x2  
  35  4:05  Zergling x2  
  22  4:38  Queen  
  22  4:40  Zergling x2  
  22  4:50  Drone  
  12  4:59  Drone  
  13  5:08  Drone  
  12  5:14  Drone  
  9  7:01  Hatchery  
  8  8:35  Overlord  
  8  9:30  Drone  
  8  9:38  Drone  
  9  9:39  Drone  
  9  9:41  Drone  
  11  9:55  Spawning Pool  
Show
View Real Time Build Order
Export as new Build Order

A.I. 2 (Elite) Protoss 

Build Orders: Zealot Archon 

Get SALT Encoding   

  12  0:01  Probe  
  13  0:13  Probe  
  14  0:21  Pylon  
  14  0:25  Probe  
  15  0:35  Probe  
  16  0:43  Probe  
  17  0:50  Assimilator  
  17  0:52  Gateway  
  17  0:53  Probe  
  18  1:01  Probe  
  18  1:03  Pylon  
  18  1:09  Probe  
  20  1:20  Probe  
  21  1:39  Zealot  
  23  1:42  Probe, Gateway  
  23  1:45  Cybernetics Core  
  24  1:52  Pylon  
  24  1:55  Probe  
  24  1:57  Zealot  
  25  2:07  Assimilator  
  27  2:12  Probe  
  28  2:23  Stalker, Warp Gate  
  28  2:29  Stalker  
  32  2:40  Gateway  
  32  2:41  Probe  
  33  2:50  Pylon  
  33  2:51  Stalker  
  35  3:03  Stalker  
  37  3:07  Probe  
  38  3:16  Stalker  
  40  3:27  Stalker  
  40  3:33  Stalker  
  44  3:45  Adept  
  46  3:55  Gateway  
  46  4:08  Adept  
  46  4:59  Pylon  
  46  5:17  Adept x3, Zealot  
  54  5:26  Pylon  
  54  5:36  Forge  
  54  5:38  Zealot  
  54  5:41  Adept  
  54  5:44  Sentry  
  54  5:45  Stalker  
  54  5:47  Pylon  
  54  5:50  Twilight Council  
  52  5:58  Zealot  
  52  6:01  Sentry  
  52  6:04  Nexus  
  56  6:10  Photon Cannon  
  56  6:17  Photon Cannon  
  56  6:32  Templar Archives  
  56  6:35  Stalker  
  58  6:43  Stalker  
  60  6:53  Pylon  
  60  7:00  Robotics Facility  
  60  7:05  Stalker  
  62  7:09  High Templar x2  
  66  7:16  Probe x2  
  66  7:18  Archon  
  68  7:28  Probe x2  
  70  7:31  High Templar  
  72  7:40  Probe  
  72  7:41  Probe  
  72  7:42  Assimilator  
  74  7:47  Observer  
  75  7:52  Probe, Assimilator  
  75  7:53  Probe  
  77  8:04  Probe  
  77  8:05  Probe  
  79  8:13  Probe, High Templar  
  79  8:14  Forge  
  79  8:18  Probe  
  83  8:21  Probe  
  83  8:25  Nexus  
  84  8:31  Probe  
  84  8:33  Probe  
  85  8:37  Pylon  
  85  8:40  Probe  
  86  8:45  Probe  
  88  8:52  Probe  
  88  8:54  Archon  
  89  8:57  Probe  
  90  9:03  Stalker  
  90  9:09  Stalker  
  90  9:10  Immortal  
  90  9:22  Sentry  
  86  9:27  High Templar  
  86  9:28  Zealot  
  78  9:37  Zealot  
  80  9:43  Probe  
  80  9:44  Probe x2  
  80  9:45  High Templar  
  81  9:48  Adept  
  81  9:51  Adept  
Show
View Real Time Build Order
Export as new Build Order

A.I. 3 (Elite) Terran 

Build Orders:  

Get SALT Encoding   

  12  0:01  SCV  
  13  0:13  SCV  
  14  0:19  Supply Depot  
  14  0:25  SCV  
  15  0:41  SCV  
  16  0:45  Barracks  
  16  0:46  Refinery  
  16  0:53  SCV  
  17  1:05  SCV  
  17  1:07  Barracks  
  18  1:17  SCV  
  19  1:32  Marine  
  20  1:34  Orbital Command  
  20  1:42  Barracks  
  20  1:50  Reaper  
  21  1:54  Reaper  
  21  1:59  Supply Depot  
  22  2:02  SCV  
  23  2:20  Supply Depot  
  23  2:22  Marine  
  24  2:23  SCV  
  24  2:26  Reaper  
  24  2:29  Marine  
  27  2:39  SCV  
  27  2:40  Marine  
  29  2:46  Marine  
  30  2:58  Reaper x2  
  31  3:01  Command Center  
  31  3:04  Reaper  
  33  3:10  Refinery  
  33  3:23  SCV  
  34  3:35  Marine  
  34  3:38  SCV  
  34  3:39  Factory  
  36  3:50  Supply Depot  
  36  4:11  Marine x2  
  36  4:12  SCV, Marine  
  36  4:13  SCV  
  41  4:23  Factory Tech Lab  
  42  4:24  SCV  
  42  4:26  Refinery  
  42  4:29  SCV  
  42  4:30  Barracks Tech Lab  
  43  4:33  Marine  
  43  4:36  SCV  
  45  4:41  SCV, Marine  
  45  4:42  Siege Tank  
  48  4:48  SCV  
  48  4:50  Marine  
  48  4:51  Stimpack, Marine  
  51  4:53  SCV  
  51  4:59  Marine  
  53  5:00  SCV  
  53  5:04  Supply Depot  
  53  5:05  SCV  
  55  5:09  Marauder  
  55  5:12  SCV  
  58  5:17  SCV  
  59  5:24  SCV  
  59  5:30  SCV  
  59  5:31  Marauder  
  59  5:34  Supply Depot  
  62  5:36  SCV  
  62  5:42  SCV  
  64  5:48  SCV  
  65  5:51  Engineering Bay  
  65  5:52  Command Center, Marauder  
  65  6:06  SCV  
  65  6:08  SCV  
  67  6:14  Marauder  
  67  6:15  Supply Depot, Marine  
  67  6:17  Marine  
  71  6:19  Terran Infantry Weapons Level 1, SCV  
  71  6:20  SCV  
  73  6:30  Combat Shield  
  73  6:31  SCV  
  74  6:35  Marauder  
  74  6:37  SCV  
  74  6:39  Supply Depot  
  77  6:43  SCV  
  78  6:49  SCV  
  78  6:51  Engineering Bay, Barracks Tech Lab, Marine  
  80  6:55  SCV  
  80  6:56  Marauder  
  83  7:04  Supply Depot  
  83  7:08  SCV  
  84  7:09  Starport, SCV, Marine  
  84  7:10  Marauder  
  84  7:12  SCV  
  89  7:17  Terran Infantry Armor Level 1  
  89  7:18  Marauder  
  89  7:19  Concussive Shells  
  89  7:20  SCV  
  89  7:21  SCV  
  93  7:24  SCV  
  93  7:28  Missile Turret  
  93  7:29  Barracks Reactor  
  94  7:30  Marine  
  94  7:32  Missile Turret, SCV  
  94  7:33  SCV  
  94  7:36  SCV  
  98  7:39  Marine  
  98  7:41  Missile Turret  
  98  7:43  Missile Turret  
  100  7:44  SCV  
  100  7:46  SCV  
  100  7:47  Medivac, Barracks  
  100  7:48  SCV  
  100  7:49  Marauder  
  106  7:52  Supply Depot  
  106  7:56  SCV  
  106  7:57  Marauder  
  109  7:58  SCV  
  109  8:00  SCV  
  111  8:05  Marine  
  111  8:06  Marine  
  111  8:08  SCV  
  111  8:10  Marauder  
  111  8:11  Orbital Command  
  116  8:18  Supply Depot, Marine, Starport Reactor  
  117  8:23  Marine  
  117  8:25  Marine  
  119  8:32  Marauder  
  119  8:33  Missile Turret  
  121  8:36  Marine  
  121  8:38  Orbital Command  
  121  8:39  Marine  
  123  8:41  Marine  
  123  8:43  Supply Depot  
  124  8:52  Armory  
  124  8:54  Medivac, Viking  
  128  8:58  Fusion Core  
  128  9:02  Missile Turret  
  128  9:04  Refinery  
  128  9:06  Refinery  
  128  9:08  Supply Depot  
  128  9:12  Refinery  
  128  9:24  Viking x2  
  128  9:27  Missile Turret  
  128  9:28  SCV x2  
  128  9:29  SCV  
  128  9:30  Marine  
  131  9:32  Marine  
  131  9:33  Marine x2  
  131  9:34  Marine  
  131  9:35  Supply Depot  
  131  9:38  Command Center  
  126  9:40  SCV  
  123  9:47  Factory  
  123  9:56  Starport  
Tags
 
Add a new tag
Caveats
  • Supply blocks, unpowered buildings, or Contaminate may cause inaccurate times.
  • Supply counts are checked every 10 seconds.